 Dungeon Crawl Stone Soup version 0.32-a0-994-gabb26cbae4 (webtiles) character file.

Game seed: 13141518042678267267

231 GeoRichter the Firebug (level 5, -7/38 HPs)
             Began as a Draconian Fire Elementalist on Apr 22, 2024.
             Was a Believer of Makhleb.
             Mangled by an iguana (10 damage)
             ... on level 4 of the Dungeon.
             The game lasted 00:04:39 (4411 turns).

GeoRichter the Firebug (DrFE)                       Turns: 4411, Time: 00:04:40

Health: -7/38      AC:  5    Str: 10    XL:     5   Next: 72%
Magic:  5/10       EV: 11    Int: 18    God:    Makhleb [**....]
Gold:   178        SH:  0    Dex: 11    Spells: 8/11 levels left

rFire   . . .        e - +1 dagger (venom)
rCold   . . .        (no shield)
rNeg    . . .        (body armour unavailable)
rPois   .            (helmet restricted)
rElec   .            (no cloak)
rCorr   .            (no gloves)
SInv    .            (no boots)
Will    .....        (no amulet)
Stlth   ++           (no ring)
HPRegen 0.26/turn    (no ring)
MPRegen 0.12/turn

%: no passive effects
@: lethally poisoned (-7 -> -24), about to teleport
A: AC +5, unfitting armour, cold-blooded
a: Renounce Religion, Minor Destruction


You were on level 4 of the Dungeon.
You worshipped Makhleb.
Makhleb was pleased with you.
You visited 1 branch of the dungeon, and saw 5 of its levels.

You collected 178 gold pieces.

Inventory:

Hand Weapons
 e - a +1 dagger of venom (weapon)
   (You took it off a goblin on level 1 of the Dungeon)
Jewellery
 b - an amulet of magic regeneration
   (You found it on level 4 of the Dungeon)
Wands
 j - a wand of quicksilver (11)
   (You found it on level 4 of the Dungeon)
Scrolls
 d - a scroll of enchant weapon
 k - a scroll of blinking {unknown}
 l - a scroll of identify {@r1}
 m - a scroll of teleportation {@r4}
Potions
 a - a potion of magic
 c - a potion of brilliance {unknown}
 f - a potion of ambrosia {unknown}
 g - a potion of cancellation {unknown}
 h - 2 potions of heal wounds {@q2}
 i - 3 potions of curing {@q1}
 n - a potion of degeneration {unknown}
 o - a potion of invisibility {unknown}


   Skills:
 - Level 1.7 Dodging
 - Level 1.7 Stealth
 + Level 3.5 Spellcasting
 - Level 1.0 Conjurations
 * Level 5.5 Fire Magic


You had 8 spell levels left.
You knew the following spells:

 Your Spells              Type           Power      Damage    Failure   Level
a - Foxfire               Conj/Fire      60%        2x1d7     4%          1
b - Scorch                Fire           46%        2d6       2%          2

Your spell library contained the following spells:

 Spells                   Type           Power      Damage    Failure   Level
 Magic Dart               Conj           24%        1d4       11%         1
 Inner Flame              Hex/Fire       13%        N/A       14%         3
 Volatile Blastmotes      Fire/Tloc      26%        2d12      14%         3
 Apportation              Tloc           6%         N/A       16%         1
 Sandblast                Erth           6%         2d5       16%         1
 Slow                     Hex            12%        N/A       16%         1
 Summon Small Mammal      Summ           12%        N/A       16%         1
 Call Imp                 Summ           6%         N/A       24%         2
 Jinxbite                 Hex            6%         N/A       24%         2
 Sublimation of Blood     Necr           3%         N/A       24%         2
 Hailstorm                Conj/Ice       5%         3d5       36%         3
 Flame Wave               Conj/Fire      15%        2d7       36%         4
 Call Canine Familiar     Summ           3%         N/A       43%         3
 Confusing Touch          Hex            3%         N/A       43%         3
 Summon Ice Beast         Ice/Summ       3%         N/A       43%         3
 Vampiric Draining        Necr           3%         2d6       43%         3
 Summon Blazeheart Golem  Fire/Summ      13%        N/A       43%         4
 Petrify                  Alch/Erth      3%         N/A       83%         4
 Irradiate                Conj/Alch      2%         3d12      98%         5
 Alistair's Intoxication  Alch           2%         N/A       99%         5
 Permafrost Eruption      Ice/Erth       1%         2x4d2     100%        6
 Sculpt Simulacrum        Ice/Alch       1%         N/A       100%        6
 Summon Hydra             Summ           1%         N/A       100%        7
 Fulsome Fusillade        Conj/Alch      2%         (3-5)d4   100%        8


Dungeon Overview and Level Annotations

Branches:
Dungeon (5/15) Zot: 25589
 Temple: D:4-7

Altars:
Fedhas
Gozag
Kikubaaqudgha
Makhleb


Innate Abilities, Weirdness & Mutations

Your plain brown scales are hard. (AC +5)
You cannot fit into any form of body armour.
You are cold-blooded and may be slowed by cold attacks.


Message History

The orc is almost dead.
The orc's fire resistance burns away.
The orc closely misses you.
A white imp comes into view.
The orc wizard hits you but does no damage.
The orc closely misses you.
The white imp disappears for a moment.
The orc wizard casts a spell at you.
You are confused.
The orc priest miscasts a cantrip.
In your confused state, you trip and fall back down the stairs.
An ogre comes into view. It is wielding a +0 giant club.
The orc hits you with a +0 war axe. The iguana barely misses you.
The orc wizard hits you but does no damage.
The orc closely misses you.
The iguana bites you but does no damage.
The orc wizard completely misses you.
In your confused state, you trip and fall back down the stairs.
The orc is no longer more vulnerable to fire.
The orc closely misses you. The iguana misses you.
The orc wizard hits you with a +0 dagger.
The orc priest looks braver for a moment.
Unknown command.
The scorpion stings you.
You are poisoned.
The scorpion poisons you! The orc hits you with a +0 war axe!
The iguana closely misses you.
The orc wizard hits you but does no damage.
The orc priest closely misses you.
You climb upwards.
You feel less confused.
You feel very sick.
There is a stone staircase leading down here.
You hit the orc.
You kill the orc!
Makhleb accepts your kill.
You feel better.
You feel sick. The iguana bites you!
* * * LOW HITPOINT WARNING * * *
The orc priest hits you but does no damage.
The orc wizard points at you and mumbles some strange words.
You resist with some effort.
Okay, then.
Okay, then.
As you read the scroll labelled PEICVE IXIADWUTIFU, it crumbles to dust.
You feel strangely unstable.
It was a scroll of teleportation.
* * * LOW HITPOINT WARNING * * *
You feel sick. The scorpion stings you.
* * * LOW HITPOINT WARNING * * *
You are more poisoned.
The scorpion poisons you! The iguana bites you!
You die...

#...........# #.####.#
#####.##...##### #.# #.#
#.###.####.## #.# #.#
#######.###.###.#.## #.#
#.#
......)..........#.###.#
#.#
#######..####.#..<#....#
#.# ##.# #.#.รท##.#### #.#
###### #.# #.#o#s..## #.#
.....# #.# #.#o@###.## #.#
####.# #># #.#l## ##.## #.#
#.# #.# #..## ##.####.# #.#
#.# #..#######......# #.#
#.# #..##......######
####.###.####...#.....#####
#.....##......#...........#
#.###.######.###......###.#
.<# #...#######.#.....# #.#


You could see a scorpion, an iguana, an orc priest and an orc wizard.

Vanquished Creatures
  A bombardier beetle (D:4)
  An orc priest (D:5)
  A sleepcap (D:4)
  3 gnolls (D:4)
  An adder (D:4)
  2 dart slugs (D:2)
  2 ribbon worms
  An orc (D:4)
  4 bats
  7 endoplasms
  8 giant cockroaches
  10 hobgoblins
  9 jackals
  5 quokkas
  7 ball pythons
  3 frilled lizards
  14 goblins
  5 kobolds (D:2)
  3 rats
87 creatures vanquished.

Vanquished Creatures (others)
  129 foxfires
129 creatures vanquished.

Grand Total: 216 creatures vanquished

Notes
Turn   | Place    | Note
-------+----------+-------------------------------------------
     0 | D:1      | GeoRichter the Draconian Fire Elementalist began the quest
                  | for the Orb.
     0 | D:1      | Reached XP level 1. HP: 14/14 MP: 3/3
   123 | D:1      | Got Sito's Practicing Casting
   189 | D:1      | Reached XP level 2. HP: 20/20 MP: 3/5
   369 | D:1      | Learned a level 2 spell: Scorch
   643 | D:1      | Found a faded altar of an unknown god.
   735 | D:1      | Prayed at the altar of an unknown god.
   735 | D:1      | Became a worshipper of Makhleb the Destroyer
   735 | D:1      | Reached * piety under Makhleb
   889 | D:2      | Reached XP level 3. HP: 26/26 MP: 2/6
  1067 | D:2      | Reached skill level 4 in Fire Magic
  1683 | D:2      | Reached ** piety under Makhleb
  2211 | D:3      | Reached XP level 4. HP: 33/33 MP: 5/8
  2625 | D:3      | Found an opulent altar of Gozag.
  3094 | D:4      | Found a blossoming altar of Fedhas.
  3094 | D:4      | Found an ancient bone altar of Kikubaaqudgha.
  3398 | D:4      | Reached skill level 5 in Fire Magic
  3398 | D:4      | Reached XP level 5. HP: 38/38 MP: 0/9
  3765 | D:4      | Identified the +0 robe of Insatiable Hunger {Slay+2}
  4400 | D:5      | Entered Level 5 of the Dungeon
  4405 | D:5      | Noticed an ogre
  4411 | D:4      | Mangled by an iguana

Illustrated notes

Levels and vault maps discovered:
D:1:      ncdulo_lavacross, layout_basic, shapermc_ecumenical_altar_mp_vishouse
D:2:      minmay_skewed_foursquare, layout_basic
D:3:      layout_basic, mainiacjoe_overflow_alcove_2
D:4:      layout_loops_ring, grunt_temple_overflow_growth_and_decay,
          minivault_26, corexii_checkpoint
D:5:      layout_cave_pools

Skill      XL: |  1  2  3  4 |
---------------+-------------+-----
Fire Magic     | 4 5 |  5.5
Spellcasting   | 3 |  3.5
Dodging        | |  1.7
Stealth        | |  1.7
Conjurations   | |  1.0

Action                     |  1- 3 |  4- 6 || total
---------------------------+-------+-------++-------
  Melee: Unarmed           |     1 |       ||     1
         Dagger            |    17 |    34 ||    51
         Tailslap          |     2 |     6 ||     8
   Cast: Foxfire           |    67 |     7 ||    74
         Scorch            |     8 |    35 ||    43
    Use: Scroll            |       |     4 ||     4
   Stab: Sleeping          |     2 |       ||     2
 Armour: Skin              |    15 |    42 ||    57
  Dodge: Dodged            |    10 |    32 ||    42

Table legend: (Time is in decaauts)
 A = Elapsed time spent in this place.
 B = Non-inter-level travel time spent in this place.
 C = Inter-level travel time spent in this place.
 D = Time resting spent in this place.
 E = Time spent auto-exploring this place.
 F = Levels seen in this place.
 G = Mean time per level.
                   A        B        C        D        E       F      G
               +--------+--------+--------+--------+--------+-----+--------+
         Total |   4409 |   4264 |    145 |     81 |   3639 |   5 |  881.8 |
       Dungeon |   4409 |   4264 |    145 |     81 |   3639 |   5 |  881.8 |
               +--------+--------+--------+--------+--------+-----+--------+

Top non-repeatable levels by time:
     D:2: 1338 daAuts
     D:4: 1319 daAuts
     D:3: 982 daAuts
     D:1: 760 daAuts
     D:5: 8 daAuts
